 Dungeon Crawl Stone Soup version 0.30-a0-651-g0755cc6dcf (webtiles) character file.

Game seed: 9455225394065117864

441 Oxelix the Chopper (level 6, -7/57 HPs)
             Began as a Minotaur Fighter on Jan 17, 2023.
             Was an Initiate of Makhleb.
             Mangled by an ogre
             ... wielding a +0 giant club
              (20 damage)
             ... on level 5 of the Dungeon.
             The game lasted 00:08:41 (3341 turns).

Oxelix the Chopper (Minotaur Fighter)               Turns: 3341, Time: 00:08:41

Health: -7/57      AC: 13    Str: 23    XL:     6   Next: 70%
Magic:  5/5        EV:  6    Int:  5    God:    Makhleb [......]
Gold:   184        SH:  4    Dex:  9    Spells: 5/5 levels left

rFire   . . .      SeeInvis .    a - +0 war axe
rCold   . . .      Faith    .    c - +0 buckler
rNeg    . . .      Spirit   .    x - +0 plate armour
rPois   .          Reflect  .    (helmet restricted)
rElec   .          Harm     .    (no cloak)
rCorr   .          Rampage  .    s - +1 pair of gloves
Will    .....                    (no boots) Stlth
                                 (no amulet)
HPRegen 0.29/turn                r - ring of wizardry
MPRegen 0.09/turn                y - ring of wizardry

@: no status effects
A: horns 2, retaliatory headbutt
a: Renounce Religion


You were on level 5 of the Dungeon.
You worshipped Makhleb.
Makhleb was noncommittal.
You visited 1 branch of the dungeon, and saw 5 of its levels.

You collected 184 gold pieces.

Inventory:

Hand Weapons
 a - a +0 war axe (weapon)
 w - a +0 longbow
Missiles
 n - 12 javelins
 u - 8 poisoned darts (quivered)
Armour
 c - a +0 buckler (worn)
 s - a +1 pair of gloves (worn)
 x - a +0 plate armour (worn)
Jewellery
 r - a ring of wizardry (left hand)
 y - a ring of wizardry (right hand)
Wands
 l - a wand of roots (3)
Scrolls
 b - a scroll of magic mapping {unknown}
 g - 3 scrolls of teleportation {unknown}
 h - 3 scrolls of amnesia {unknown}
 m - 5 scrolls of identify {unknown}
 p - a scroll of immolation {unknown}
 q - 2 scrolls of enchant weapon {unknown}
 t - 2 scrolls of noise {unknown}
 v - a scroll of enchant armour {unknown}
Potions
 d - a potion of might
 e - 4 potions of curing {unknown}
 f - a potion of attraction {unknown}
 i - 4 potions of heal wounds {unknown}
 j - a potion of brilliance {unknown}
 k - a potion of resistance {unknown}
 o - a potion of flight {unknown}
 z - 3 potions of degeneration {unknown}


   Skills:
 + Level 6.0 Fighting
 * Level 7.3 Axes
 - Level 3.6 Armour
 - Level 3.6 Shields


You had 5 spell levels left.
You didn't know any spells.
Your spell library contained the following spells:

 Spells                   Type           Power      Damage    Failure   Level
 Beastly Appendage        Tmut           0%         N/A       96%         1
 Ensorcelled Hibernation  Hex/Ice        0%         N/A       99%         2
 Wereblood                Tmut           0%         N/A       99%         2
 Dazzling Flash           Conj/Hex       0%         N/A       100%        3
 Ignite Poison            Fire/Tmut/Pois 0%         N/A       100%        3
 Spider Form              Tmut/Pois      0%         N/A       100%        3
 Anguish                  Hex/Necr       0%         N/A       100%        4
 Sticky Flame             Conj/Fire      0%         2d3       100%        4
 Agony                    Necr           0%         N/A       100%        5
 Silence                  Hex/Air        0%         N/A       100%        5
 Ignition                 Fire           0%         3d3       100%        8


Dungeon Overview and Level Annotations

Branches:
Dungeon (5/15)
 Temple: D:4-7

Altars:
Cheibriados
Kikubaaqudgha
Makhleb
Nemelex Xobeh
Zin


Innate Abilities, Weirdness & Mutations

You have a pair of horns on your head.
You reflexively headbutt those who attack you in melee.


Message History

Items here: ))) ††.
Found 6 stones.
Found a stone staircase leading up.
There is a stone staircase leading up here.
You can't go down here!
You climb upwards.
Found a glowing silver altar of Zin.
There is a stone staircase leading down here.
There is a burning altar of Makhleb here.
You kneel at the altar of Makhleb.
Makhleb welcomes you!
There is a stone staircase leading down here.
You climb downwards.
There is a stone staircase leading up here.
An ogre comes into view. It is wielding a +0 giant club.
The ogre shouts!
The ogre moves out of view.
An ogre is nearby!
An ogre is nearby!
The ogre hits you with a +0 giant club!!
You closely miss the ogre.
You headbutt the ogre, but do no damage.
The ogre hits you with a +0 giant club.
You slash the ogre!
The ogre is heavily wounded.
The ogre closely misses you.
You hit the ogre but do no damage.
The ogre is heavily wounded.
The ogre hits you with a +0 giant club!
You closely miss the ogre.
The ogre is heavily wounded.
You closely miss the ogre.
You headbutt the ogre, but do no damage.
The ogre is heavily wounded.
The ogre hits you with a +0 giant club!
* * * LOW HITPOINT WARNING * * *
You hit the ogre but do no damage.
The ogre is heavily wounded.
The ogre hits you with a +0 giant club!!
You die...

#.# ..# #.# # #.#
####.### ###.#
#......
#...####.##.####.
#.#.<....#.......
#.#......O...#
#.#.####.@#.##
#.#..............
#.#.####....#...#
#.#........... ..
##
#.#.#....####.#
.#######.#.#.##.#
...
.........#.#.####
### .).........#
.#########.#


You could see an ogre.

Vanquished Creatures
  Eustachio (D:4)
  A hound (D:5)
  Crazy Yiuf (D:2)
  An iguana (D:4)
  An orc wizard (D:4)
  Robin (D:3)
  5 adders
  3 worms
  3 dart slugs
  11 orcs
  9 endoplasms
  4 giant cockroaches
  11 goblins
  9 hobgoblins
  7 quokkas
  9 ball pythons
  8 bats
  6 frilled lizards
  5 kobolds
  6 rats
102 creatures vanquished.

Notes
Turn   | Place    | Note
-------+----------+-------------------------------------------
     0 | D:1      | Oxelix the Minotaur Fighter began the quest for the Orb.
     0 | D:1      | Reached XP level 1. HP: 19/19 MP: 0/0
   219 | D:1      | Reached skill level 3 in Axes
   235 | D:1      | Reached XP level 2. HP: 27/27 MP: 1/1
   656 | D:2      | Reached XP level 3. HP: 28/33 MP: 2/2
   690 | D:2      | Reached skill level 4 in Axes
   794 | D:2      | Found a snail-covered altar of Cheibriados.
  1228 | D:2      | Found a runed translucent door.
  1229 | D:2      | Noticed Crazy Yiuf
  1234 | D:2      | Killed Crazy Yiuf
  1235 | D:2      | Reached XP level 4. HP: 34/41 MP: 3/3
  1373 | D:3      | Reached skill level 5 in Axes
  1475 | D:3      | Noticed Robin
  1484 | D:3      | Killed Robin
  1485 | D:3      | Reached XP level 5. HP: 29/47 MP: 4/4
  1486 | D:3      | Reached skill level 5 in Fighting
  2344 | D:4      | Found an ancient bone altar of Kikubaaqudgha.
  2517 | D:4      | Reached skill level 6 in Axes
  2655 | D:4      | Found a sparkling altar of Nemelex Xobeh.
  2694 | D:4      | Found a burning altar of Makhleb.
  2962 | D:4      | Noticed Eustachio
  2974 | D:4      | Killed Eustachio
  2975 | D:4      | Reached skill level 7 in Axes
  2975 | D:4      | Reached XP level 6. HP: 27/57 MP: 5/5
  3145 | D:5      | Entered Level 5 of the Dungeon
  3317 | D:4      | Found a glowing silver altar of Zin.
  3325 | D:4      | Became a worshipper of Makhleb the Destroyer
  3341 | D:5      | Mangled by an ogre

Illustrated notes

Levels and vault maps discovered:
D:1:      spicycebolla_green_bress_n_ham_2, layout_basic
D:2:      layout_basic, basic_altar, minmay_tiny_reverse_x,
          uniq_crazy_yiuf_cottage
D:3:      minmay_razor_zed, layout_basic, uniq_robin
D:4:      layout_gridville, nicolae_overflow_hidden_temple,
          nicolae_kikubaaqudgha_miasma_corner, uniq_eustachio
D:5:      layout_basic, okawaru_ov_weapons_minmay,
          minmay_misc_feat_secret_circle, st_stairs_1,
          nicolae_elevator_lobby_plus, uniq_sigmund

Skill      XL: |  1  2  3  4  5  6 |
---------------+-------------------+-----
Axes           | 3 4 5 7 |  7.3
Fighting       | 4 5 6 |  6.0
Armour         | |  3.6
Shields        | |  3.6

Action                   |  1- 3 |  4- 6 || total
-------------------------+-------+-------++-------
Melee: War axe           |    80 |   121 ||   201
       Headbutt          |     9 |    22 ||    31
Evoke: Wand              |       |     1 ||     1
Armor: Scale mail        |    33 |    51 ||    84
       Plate armour      |       |    10 ||    10
Dodge: Dodged            |    36 |    38 ||    74
Block: Buckler           |    24 |    26 ||    50

Table legend: (Time is in decaauts)
 A = Elapsed time spent in this place.
 B = Non-inter-level travel time spent in this place.
 C = Inter-level travel time spent in this place.
 D = Time resting spent in this place.
 E = Time spent auto-exploring this place.
 F = Levels seen in this place.
 G = Mean time per level.
                   A        B        C        D        E       F      G
               +--------+--------+--------+--------+--------+-----+--------+
         Total |   3404 |   3226 |    178 |    181 |   2191 |   5 |  680.8 |
       Dungeon |   3404 |   3226 |    178 |    181 |   2191 |   5 |  680.8 |
               +--------+--------+--------+--------+--------+-----+--------+

Top non-repeatable levels by time:
     D:3: 1044 daAuts
     D:4: 888 daAuts
     D:2: 752 daAuts
     D:1: 599 daAuts
     D:5: 119 daAuts
